 Dungeon Crawl Stone Soup version 0.31-a0-1-g4198be8af4 (webtiles) character file.

Game seed: 12470279893478323533

46 ytrimaz the Ducker (level 3, -8/35 HPs)
             Began as a Gnoll Monk on May 1, 2023.
             Mangled by a gnoll
             ... wielding a +0 flail
              (13 damage)
             ... on level 1 of the Dungeon.
             The game lasted 00:01:17 (1237 turns).

ytrimaz the Ducker (Gnoll Monk)                     Turns: 1237, Time: 00:01:17

Health: -8/35      AC:  2    Str: 10    XL:     3   Next: 68%
Magic:  4/4        EV: 15    Int: 11    God:
Gold:   56         SH:  0    Dex: 14    Spells: 4/4 levels left

rFire   . . .        a - +0 hand axe
rCold   . . .        d - orb {light}
rNeg    . . .        b - +0 robe
rPois   .            (no helmet)
rElec   .            (no cloak)
rCorr   .            (no gloves)
SInv    .            (no boots)
Will    .....        (no amulet)
Stlth   +            (no ring)
HPRegen 0.25/turn    (no ring)
MPRegen 0.09/turn

%: no passive effects
@: mighty, lethally poisoned (-8 -> -16), glowing
A: fangs 1, strong nose, distributed training
a: no special abilities


You were on level 1 of the Dungeon.
You visited 1 branch of the dungeon, and saw 2 of its levels.

You collected 56 gold pieces.


Innate Abilities, Weirdness & Mutations

You have very sharp teeth.
Your uncanny sense of smell can sniff out nearby items.
Your experience applies equally to all skills.


   Skills:
 + Level 6.5 Fighting
 + Level 1.0 Short Blades
 + Level 1.0 Long Blades
 + Level 6.5 Axes
 + Level 1.0 Maces & Flails
 + Level 1.0 Polearms
 + Level 1.0 Staves
 + Level 1.0 Ranged Weapons
 + Level 1.0 Throwing
 + Level 1.0 Armour
 + Level 6.5 Dodging
 + Level 1.0 Stealth
 + Level 1.0 Shields
 + Level 1.0 Unarmed Combat
 + Level 1.0 Spellcasting
 + Level 0.7 Conjurations
 + Level 0.7 Hexes
 + Level 0.7 Summonings
 + Level 0.7 Necromancy
 + Level 0.7 Translocations
 + Level 0.7 Transmutations
 + Level 0.7 Fire Magic
 + Level 0.7 Ice Magic
 + Level 0.7 Air Magic
 + Level 0.7 Earth Magic
 + Level 0.7 Poison Magic
 + Level 1.0 Invocations
 + Level 1.0 Evocations


You had 4 spell levels left.
You didn't know any spells.
Your spell library contained the following spells:

 Spells                   Type           Power      Damage    Failure   Level
 Stone Arrow              Conj/Erth      4%         3d7       58%         3
 Animate Armour           Summ/Erth      4%         N/A       94%         4
 Lehudib's Crystal Spear  Conj/Erth      1%         10d2      100%        8

Inventory:

Hand Weapons
 a - a +0 hand axe (weapon)
Missiles
 h - a throwing net (quivered)
Armour
 b - a +0 robe (worn)
 d - an orb of light (worn)
Jewellery
 j - a ring of fire
   (You found it on level 1 of the Dungeon)
Scrolls
 l - a scroll of vulnerability {unknown}
 m - 2 scrolls of identify {unknown}
Potions
 c - a potion of ambrosia
 e - a potion of lignification {unknown}
 f - a potion of might
 g - a potion of resistance {unknown}
 i - a potion of mutation {unknown}
 k - a potion of heal wounds {unknown}

Dungeon Overview and Level Annotations

Branches:
Dungeon (2/15) Zot: 10763

Altars:

### #>######## ###### #.........
.....# ###.#...(... ####.#
#..........# #
#.#################.#.#...##.# #
#................##.#........# #
#..#########gB...##.......#..# #
#..# #.@g..######.#.#... ## #..#
#.)...'....#.#.#... .# #..#
#######.....####.#.#.#>..
.###..###..............#.#.#.#..#
).##..##...#.#...........#.#.#..#
..##..##.#...........#..........#
..##..##.#.#.#......##..........#
..###....#......................#
..######.####.................#.#


You could see 2 gnolls and a giant cockroach.


Message History

A ball python is nearby!
A ball python is nearby!
A gnoll comes into view. It is wielding a +0 whip.
The gnoll shouts!
The ball python hisses angrily. 2 gnolls and a giant cockroach come into view.
The gnoll shouts!
A gnoll comes into view. It is wielding a +1 halberd of venom.
You hit the ball python.
A ball python comes into view.
The ball python barely misses you. The ball python closely misses you.
The ball python completely misses you. The ball python grabs you.
The ball python constricts you.
You escape the ball python's grasp.
There is a stone staircase leading up here.
The gnoll misses you. The ball python bites you. The ball python grabs you.
The ball python constricts you.
Unknown command.
You escape the ball python's grasp.
The gnoll hits you with a +0 whip. The ball python bites you.
The ball python misses you.
You climb upwards.
There is a stone staircase leading down here. 😕 HP[-5]
You take 5 damage, and now have 28/35 hp.
Unknown command.
Unknown command.
You barely miss the ball python. You hit the gnoll but do no damage.
The gnoll barely misses you. The ball python barely misses you. x2
You hit the gnoll but do no damage. You hit the ball python.
You kill the ball python!
The gnoll hits you but does no damage. 😕 HP[+1]
You hit the gnoll. You bite the gnoll, but do no damage.
The gnoll closely misses you.
You hit the gnoll but do no damage. The gnoll barely misses you.
Unknown command.
You hit the gnoll but do no damage.
The gnoll hits you with a +0 whip. 😮 HP[-5]
You take 5 damage, and now have 24/35 hp.
You hit the gnoll.
The gnoll hits you with a +0 whip. 😮 HP[-1]
You take 1 damage, and now have 23/35 hp.
You hit the gnoll. The gnoll completely misses you.
You hit the gnoll but do no damage. Your bite misses the gnoll.
The gnoll hits you with a +0 whip.
* * * LOW HITPOINT WARNING * * *
Unknown command. 😨 HP[-6]
You take 6 damage, and now have 17/35 hp.
You hit the gnoll.
You kill the gnoll!
Your Short Blades skill increases to level 1!
Your Long Blades skill increases to level 1!
Your Maces & Flails skill increases to level 1!
Your Polearms skill increases to level 1!
Your Staves skill increases to level 1!
Your Ranged Weapons skill increases to level 1!
Your Throwing skill increases to level 1!
Your Armour skill increases to level 1!
Your Stealth skill increases to level 1!
Your Shields skill increases to level 1!
Your Unarmed Combat skill increases to level 1!
Your Spellcasting skill increases to level 1!
Your Evocations skill increases to level 1!
Things that are here:
a +0 whip; a gnoll corpse; 😮 HP[+1]
There is a stone staircase leading down, spattered with blood here.
You start resting. 😎 HP[+17]
Your hp is fully restored (35).
Unknown command.
You start waiting.
Done waiting.
You climb downwards.
The gnoll barely misses you. The gnoll misses you. The gnoll barely misses you.
The gnoll hits you with a +0 club.
There is a stone staircase leading up, spattered with blood here. 😕 HP[-5]
You take 5 damage, and now have 30/35 hp.
Unknown command.
The gnoll hits you from afar with a +1 halberd of venom!
You are poisoned.
The giant cockroach closely misses you. The gnoll hits you with a +0 flail.
* * * LOW HITPOINT WARNING * * *
The gnoll closely misses you.
You climb upwards.
* * * LOW HITPOINT WARNING * * *
You feel very sick.
There is a stone staircase leading down, spattered with blood here. 😱 HP[-22]
You take 22 damage, and now have 8/35 hp.
MASSIVE DAMAGE!! (PAUSE) Unknown command.
It was a potion of might.
You feel very mighty all of a sudden.
* * * LOW HITPOINT WARNING * * *
You feel sick. The giant cockroach bites you.
* * * LOW HITPOINT WARNING * * *
The gnoll barely misses you. The gnoll hits you with a +0 flail!
You die...

Skill      XL: |  1  2  3 |
---------------+----------+-----
Invocations    | 1 |  1.0
Short Blades   | 1 |  1.0
Long Blades    | 1 |  1.0
Maces & Flails | 1 |  1.0
Polearms       | 1 |  1.0
Staves         | 1 |  1.0
Ranged Weapons | 1 |  1.0
Throwing       | 1 |  1.0
Armour         | 1 |  1.0
Stealth        | 1 |  1.0
Shields        | 1 |  1.0
Unarmed Combat | 1 |  1.0
Spellcasting   | 1 |  1.0
Evocations     | 1 |  1.0
Fighting       | |  6.5
Axes           | |  6.5
Dodging        | |  6.5
Conjurations   | |  0.7
Hexes          | |  0.7
Summonings     | |  0.7
Necromancy     | |  0.7
Translocations | |  0.7
Transmutations | |  0.7
Fire Magic     | |  0.7
Ice Magic      | |  0.7
Air Magic      | |  0.7
Earth Magic    | |  0.7
Poison Magic   | |  0.7

Action                     || total
---------------------------++-------
  Melee: Hand axe          ||    80
         Bite              ||     8
    Use: Potion            ||     1
 Armour: Robe              ||     5
  Dodge: Dodged            ||    69

Levels and vault maps discovered:
D:1:      arrival_aquarium_a, layout_basic, serial_glass, glass_columns_b,
          glass_columns_a, glass_columns_a, glass_columns_c, glass_columns_b,
          glass_columns_c, minivault_11
D:2:      layout_rooms, serial_bayou, serial_bayou_pond_d, serial_bayou_lake_a,
          serial_bayou_pond_d, serial_bayou_pond_d, hangedman_glass_teeth,
          uniq_jessica, uniq_robin

Notes
Turn   | Place    | Note
-------+----------+-------------------------------------------
     0 | D:1      | ytrimaz the Gnoll Monk began the quest for the Orb.
     0 | D:1      | Reached XP level 1. HP: 23/23 MP: 1/1
     0 | D:1      | magus.rc [v1.9.6]
    12 | D:1      | Noticed an electric eel
   148 | D:1      | Reached XP level 2. HP: 29/29 MP: 2/2
   181 | D:1      | You pick up a book of Armaments and begin reading...
   181 | D:1      | You add the spells Stone Arrow, Animate Armour and
                  | Lehudib's Crystal Spear to your library.
   598 | D:1      | Reached XP level 3. HP: 26/35 MP: 3/3
  1025 | D:2      | Reached skill level 1 in Invocations
  1064 | D:1      | Reached skill level 1 in Short Blades
  1064 | D:1      | Reached skill level 1 in Long Blades
  1064 | D:1      | Reached skill level 1 in Maces & Flails
  1064 | D:1      | Reached skill level 1 in Polearms
  1064 | D:1      | Reached skill level 1 in Staves
  1064 | D:1      | Reached skill level 1 in Ranged Weapons
  1064 | D:1      | Reached skill level 1 in Throwing
  1064 | D:1      | Reached skill level 1 in Armour
  1064 | D:1      | Reached skill level 1 in Stealth
  1064 | D:1      | Reached skill level 1 in Shields
  1064 | D:1      | Reached skill level 1 in Unarmed Combat
  1064 | D:1      | Reached skill level 1 in Spellcasting
  1064 | D:1      | Reached skill level 1 in Evocations
  1236 | D:1      | HP: 8/35 [poisoned by a gnoll]
  1237 | D:1      | Mangled by a gnoll

Vanquished Creatures
  A gnoll (D:1)
  An adder (D:2)
  A dart slug (D:1)
  3 endoplasms (D:1)
  A giant cockroach (D:1)
  2 goblins (D:1)
  3 hobgoblins (D:1)
  3 quokkas (D:1)
  4 ball pythons (D:1)
  2 bats (D:1)
  3 frilled lizards (D:1)
  A kobold (D:1)
  A rat (D:1)
26 creatures vanquished.

Vanquished Creatures (others)
  3 plants (D:2)
3 creatures vanquished.

Grand Total: 29 creatures vanquished

Table legend:
 A = Non-vault XP
 B = Vault XP
 C = Vault XP percentage of total XP
 D = Non-vault monster count
 E = Vault monster count
 F = Vault count percentage of total count
                 A         B        C        D         E       F
            +---------+---------+-------+---------+---------+-------
      Total |      67 |       0 |   0.0 |      26 |       0 |   0.0
            +---------+---------+-------+---------+---------+-------
        D:1 |      54 |       0 |   0.0 |      25 |       0 |   0.0
        D:2 |      13 |       0 |   0.0 |       1 |       0 |   0.0
            +---------+---------+-------+---------+---------+-------

Skill      XL: |  1  2  3 |
---------------+----------+-----
Invocations    | 1 |  1.0
Short Blades   | 1 |  1.0
Long Blades    | 1 |  1.0
Maces & Flails | 1 |  1.0
Polearms       | 1 |  1.0
Staves         | 1 |  1.0
Ranged Weapons | 1 |  1.0
Throwing       | 1 |  1.0
Armour         | 1 |  1.0
Stealth        | 1 |  1.0
Shields        | 1 |  1.0
Unarmed Combat | 1 |  1.0
Spellcasting   | 1 |  1.0
Evocations     | 1 |  1.0
Fighting       | |  6.5
Axes           | |  6.5
Dodging        | |  6.5
Conjurations   | |  0.7
Hexes          | |  0.7
Summonings     | |  0.7
Necromancy     | |  0.7
Translocations | |  0.7
Transmutations | |  0.7
Fire Magic     | |  0.7
Ice Magic      | |  0.7
Air Magic      | |  0.7
Earth Magic    | |  0.7
Poison Magic   | |  0.7

Action                     || total
---------------------------++-------
  Melee: Hand axe          ||    80
         Bite              ||     8
    Use: Potion            ||     1
 Armour: Robe              ||     5
  Dodge: Dodged            ||    69

Illustrated notes

Table legend:
 A = Kills in this place as a percentage of kills in the entire game.
 B = Kills by you in this place as a percentage of kills by you in the entire game.
 C = Kills by friends in this place as a percentage of kills by friends in the entire game.
 D = Other kills in this place as a percentage of other kills in the entire game.
 E = Experience gained in this place as a percentage of experience gained in the entire game.
 F = Experience gained in this place divided by the number of levels of this place that you have seen.
                   A       B       C       D       E      F
               +-------+-------+-------+-------+-------+----------------------
         Total | 100.0 | 100.0 |   N/A |   N/A | 100.0 |  33.5
       Dungeon | 100.0 | 100.0 |   N/A |   N/A | 100.0 |  33.5
               +-------+-------+-------+-------+-------+----------------------

Table legend: (Time is in decaauts)
 A = Elapsed time spent in this place.
 B = Non-inter-level travel time spent in this place.
 C = Inter-level travel time spent in this place.
 D = Time resting spent in this place.
 E = Time spent auto-exploring this place.
 F = Levels seen in this place.
 G = Mean time per level.
                   A        B        C        D        E       F      G
               +--------+--------+--------+--------+--------+-----+--------+
         Total |   1236 |   1201 |     35 |    167 |    806 |   2 |  618.0 |
       Dungeon |   1236 |   1201 |     35 |    167 |    806 |   2 |  618.0 |
               +--------+--------+--------+--------+--------+-----+--------+

Top non-repeatable levels by time:
     D:1: 1194 daAuts
     D:2: 41 daAuts
